 Dungeon Crawl Stone Soup version 0.17-a0-1380-gc4949c2 (webtiles) character file.

81 Kisielow the Poker (level 4, -1/33 HPs)
             Began as a Merfolk Gladiator on June 15, 2015.
             Was a Follower of Nemelex Xobeh.
             Succumbed to a kobold's poison
             ... on level 3 of the Dungeon.
             The game lasted 00:03:56 (1210 turns).

Kisielow the Poker (Merfolk Gladiator)              Turns: 1210, Time: 00:03:57

Health: -1/33      AC:  5    Str: 15    XL:     4   Next: 40%
Magic:  4/4        EV: 13    Int:  7    God:    Nemelex Xobeh [*.....]
Gold:   58         SH:  0    Dex: 15    Spells: 0 memorised, 3 levels left

rFire  . . .     SeeInvis .     a - +0 trident
rCold  . . .     Clarity  .     b - +0 leather armour
rNeg   . . .     SustAt   .     (no shield)
rPois  .         Gourm    .     c - +0 helmet
rElec  .         Spirit   .     (no cloak)
rCorr  .         Warding  .     (no gloves)
rMut   .         Stasis   .     h - +0 pair of boots
MR     .....                    (no amulet)
Stlth  +.........               (no ring)
                                (no ring)

@: lethally poisoned (-1 -> -42), not resistant to hostile enchantments, very
unstealthy
A: change form in water, swift swim
a: Renounce Religion


You were on level 3 of the Dungeon.
You worshipped Nemelex Xobeh.
Nemelex Xobeh was aware of your devotion.
You were not hungry.

You visited 1 branch of the dungeon, and saw 3 of its levels.

You collected 58 gold pieces.

Inventory:

Hand weapons
 a - a +0 trident (weapon)
Missiles
 d - 3 throwing nets (quivered)
Armour
 b - a +0 leather armour (worn)
 c - a +0 helmet (worn)
 h - a +0 pair of boots (worn)
Scrolls
 g - 2 scrolls of teleportation {unknown}
 j - 2 scrolls of blinking {unknown}
Miscellaneous
 k - a plain deck of war {drawn: 2}
Comestibles
 e - 4 bread rations
 i - 2 fruits


   Skills:
 - Level 2.1 Fighting
 + Level 7.4 Polearms
 - Level 2.0 Throwing
 - Level 4.0 Dodging


You had 3 spell levels left.
You didn't know any spells.

Dungeon Overview and Level Annotations

Branches:
Dungeon (3/15)

Altars:
Nemelex Xobeh


Message History

* * * LOW HITPOINT WARNING * * *
You feel very sick.
You see here a war axe.
You are too injured to fight recklessly!
You are too injured to fight recklessly!
You are too injured to fight recklessly!
Unknown command.
You are too injured to fight recklessly!
You are too injured to fight recklessly!
* * * LOW HITPOINT WARNING * * *
You feel very sick. The orc hits you but does no damage.
You closely miss the orc.
* * * LOW HITPOINT WARNING * * *
You feel very sick. The orc barely misses you.
You hit the orc.
The orc is heavily wounded.
You die...
Your body glows slightly and disappears.

... # .... . #.
?.#####..
#K###.#....
#...#.##.#
#..?...#
#..<#..# .
#.#...(.@###....
#.....()@o...#
#.#.[.)†.....# #
#...)....#.#
#........# #
#......#.#
..#.##....#
..... +.....
#.... #....##


You could see an orc, a kobold and the friendly Kisielow's illusion.

Vanquished Creatures
  A gnoll (D:3)
  An adder (D:2)
  2 oozes
  A worm (D:2)
  3 giant geckos
  An orc (D:3)
  A ball python (D:2)
  4 bats
  2 giant cockroaches
  3 goblins
  5 hobgoblins
  A quokka (D:2)
  3 kobolds
  7 rats
35 creatures vanquished.

Vanquished Creatures (collateral kills)
  3 gnolls (D:3)
3 creatures vanquished.

Grand Total: 38 creatures vanquished

Notes
Turn   | Place    | Note
--------------------------------------------------------------
     0 | D:1      | Kisielow the Merfolk Gladiator began the quest for the Orb.
     0 | D:1      | Reached XP level 1. HP: 16/16 MP: 1/1
   102 | D:1      | Reached skill level 5 in Polearms
   102 | D:1      | Reached XP level 2. HP: 17/22 MP: 2/2
   458 | D:1      | You fall through a shaft!
   510 | D:2      | Reached skill level 6 in Polearms
   510 | D:2      | Reached XP level 3. HP: 25/27 MP: 3/3
   953 | D:2      | Found a faded altar to an unknown god.
   959 | D:2      | Became a worshipper of Nemelex Xobeh the Trickster
   959 | D:2      | Received a gift from Nemelex Xobeh
  1196 | D:3      | Reached skill level 7 in Polearms
  1196 | D:3      | Reached XP level 4. HP: 30/33 MP: 4/4
  1210 | D:3      | Succumbed to a kobold's poison

Vault maps used:
D:1:      matt_arrival_refuge
D:2:      ecumenical_altar_1, first_bread
D:3:      cheibriados_altar_1, nicolae_overflow_hidden_temple, uniq_iyjb,
          uniq_grinder, uniq_natasha, uniq_sigmund

Action                   |  1- 3 |  4- 6 || total
-------------------------+-------+-------++-------
Melee: Trident           |    84 |     9 ||    93
Evoke: Deck              |     2 |       ||     2
 Stab: Sleeping          |     2 |       ||     2
  Eat: Chunk             |     1 |       ||     1
